 Dungeon Crawl Stone Soup version 0.19-a0-1225-gf887c1c (webtiles) character file.

27 hairmachine the Caller (level 2, -1/15 HPs)
             Began as a Deep Elf Summoner on Aug 25, 2016.
             Slain by an adder (3 damage)
             ... on level 2 of the Dungeon.
             The game lasted 00:04:34 (1366 turns).

hairmachine the Caller (Deep Elf Summoner)          Turns: 1366, Time: 00:04:35

Health: -1/15      AC:  3    Str:  5    XL:     2   Next: 93%
Magic:  2/8        EV: 13    Int: 19    God:
Gold:   123        SH:  0    Dex: 15    Spells: 2 memorised, 4 levels left

rFire  . . .     SeeInvis .     l - +0 dagger
rCold  . . .     Gourm    .     a - +0 robe
rNeg   . . .     Faith    .     (no shield)
rPois  .         Spirit   .     (no helmet)
rElec  .         Dismiss  .     g - +0 cloak
rCorr  .         Reflect  .     (no gloves)
MR     .....     Harm     .     (no boots)
Stlth  ++........               (no amulet)
                                (no ring)
                                (no ring)

@: lethally poisoned (-1 -> -3)
A: no striking features
a: no special abilities


You were on level 2 of the Dungeon.
You were not hungry.

You visited 1 branch of the dungeon, and saw 2 of its levels.

You collected 123 gold pieces.

Inventory:

Hand Weapons
 l - a +0 dagger (weapon)
Armour
 a - a +0 robe (worn)
 g - a +0 cloak (worn)
Scrolls
 e - 4 scrolls of identify {unknown}
 k - 2 scrolls of enchant armour {unknown}
Potions
 h - a potion of lignification {unknown}
 i - a potion of invisibility {unknown}
 j - a potion of degeneration {unknown}
Books
 b - a book of Callings

   Spells                             Type                      Level
   a - Summon Small Mammal            Summoning                    1
   b - Call Imp                       Summoning                    2
   c - Call Canine Familiar           Summoning                    3
   d - Summon Guardian Golem          Hexes/Summoning              3
   e - Summon Lightning Spire         Summoning/Air                4
   f - Summon Ice Beast               Ice/Summoning                4
Comestibles
 c - a bread ration
 d - 2 meat rations
 f - 10 chunks of flesh


   Skills:
 + Level 0.6 Short Blades
 - Level 2.4 Dodging
 - Level 2.4 Stealth
 - Level 3.0 Spellcasting
 + Level 5.3 Summonings


You had 4 spell levels left.
You knew the following spells:

 Your Spells              Type           Power        Failure   Level  Hunger
a - Summon Small Mammal   Summ           ###.         1%          1    None
b - Call Imp              Summ           ###.....     2%          2    ##.....


Dungeon Overview and Level Annotations

Branches:
Dungeon (2/15)

Altars:


Message History

Your bat hits the adder but does no damage.
The bat closely misses you.
Your quokka closely misses the adder.
Your bat hits the adder but does no damage.
Your rat bites the adder.
You closely miss the bat. The bat hits you but does no damage.
Your bat closely misses the adder.
The adder bites your rat.
Your rat dies!
Your rat's corpse disappears in a puff of smoke!
Your quokka misses the adder.
Your quokka closely misses the adder.
The adder hisses angrily.
Your bat barely misses the adder.
The bat hits you.
* * * LOW HITPOINT WARNING * * *
Your quokka misses the adder. x2; The bat closely misses you.
The bat barely misses you.
Your quokka bites the adder.
Casting: Summon Small Mammal
Confirm with . or Enter, or press ? or * to list all spells.
A shadowy apparition takes form in the air.
* * * LOW HITPOINT WARNING * * *
You feel sick.
Your bat misses the adder. The adder bites you.
You die...

.......##.##..#......
##.....................
..r.............##.....
.............†...#.##..
.............>.$...# .
...........b..........
...............####..
##..#.r.......# .
#..5@Sr########
#...#..# .............
.###...........
#...#######.. #.(. #
#... #...


You could see an adder, a rat (sleeping), a friendly shadow imp, 2 friendly
quokkas and a friendly bat.

Vanquished Creatures
  2 dart slugs (D:1)
  A hobgoblin (D:1)
  A bat (D:1)
  4 goblins (D:1)
  3 kobolds (D:1)
11 creatures vanquished.

Vanquished Creatures (collateral kills)
  An ooze (D:2)
  A goblin (D:1)
  2 hobgoblins
  2 jackals (D:2)
  2 ball pythons
  2 bats
  3 giant newts
  A kobold (D:1)
  A rat (D:1)
15 creatures vanquished.

Grand Total: 26 creatures vanquished

Notes
Turn   | Place    | Note
-------+----------+-------------------------------------------
     0 | D:1      | hairmachine the Deep Elf Summoner began the quest for the Orb.
     0 | D:1      | Reached XP level 1. HP: 10/10 MP: 6/6
   495 | D:1      | Reached XP level 2. HP: 8/15 MP: 8/8
   533 | D:1      | Reached skill level 5 in Summonings
   630 | D:1      | Learned a level 2 spell: Call Imp
  1366 | D:2      | Slain by an adder

Vault maps used:
D:1:      minmay_arrival_widening_spiral_wide, corexii_corridor_pit
D:2:      lemuel_coloured_pillars_altar, lemuel_round_altar, elyvilon_altar_1,
          first_bread

Skill      XL: |  1  2 |
---------------+-------+-----
Summonings     | 5 |  5.3
Short Blades   | |  0.6
Dodging        | |  2.4
Stealth        | |  2.4
Spellcasting   | |  3.0

Action                   || total
-------------------------++-------
Melee: Whip              ||     7
       Mace              ||     2
       Dagger            ||    39
       Short sword       ||     3
 Cast: Summon Small Mamm ||    26
       Call Imp          ||     3
 Stab: Sleeping          ||     5
       Distracted        ||     1
  Eat: Chunk             ||     1
Armor: Robe              ||    22
Dodge: Dodged            ||    60
